 Dungeon Crawl Stone Soup version 0.30.0-29-ga12c61a403 (webtiles) character file.

Game seed: 11817726555057550589

926 seaoflcl the Chopper (level 7, -2/61 HPs)
             Began as a Minotaur Fighter on June 15, 2023.
             Was a Believer of Ru.
             Slain by Dowan
             ... wielding a +2 dagger of venom
              (5 damage)
             ... on level 6 of the Dungeon.
             The game lasted 00:05:46 (4208 turns).

seaoflcl the Chopper (Minotaur Fighter)             Turns: 4208, Time: 00:05:47

Health: -2/61      AC: 12    Str: 22    XL:     7   Next: 85%
Magic:  6/6        EV:  6    Int:  5    God:    Ru [**....]
Gold:   491        SH:  5    Dex: 10    Spells: 6/6 levels left

rFire   . . .        a - +0 war axe
rCold   . . .        c - +0 buckler
rNeg    . . .        A - +0 plate armour
rPois   .            (helmet restricted)
rElec   .            (no cloak)
rCorr   .            (no gloves)
SInv    +            (no boots)
Will    .....        (no amulet) Stlth
                     g - +4 ring of slaying
HPRegen 0.30/turn    r - ring of see invisible
MPRegen 0.10/turn

%: no passive effects
@: mighty, lethally poisoned (-2 -> -34)
A: horns 2, hated by all, retaliatory headbutt
a: Renounce Religion


You were on level 6 of the Dungeon.
You worshipped Ru.
Ru was pleased with you.
You visited 1 branch of the dungeon, and saw 6 of its levels.

You collected 491 gold pieces.

Inventory:

Hand Weapons
 a - a +0 war axe (weapon)
 q - a +0 flail of draining
Armour
 c - a +0 buckler (worn)
 t - the +0 toga "Victory" {*Victory Clar}
   (You found it on level 3 of the Dungeon)

   *Victory:  When the wearer kills a threatening monster, it has a chance to
   gain +1 AC, +1 Slay, and +1 Int, capping at +7.
   When the wearer uses a scroll or a potion with a hostile monster in sight,
   its bonuses reset to +0.
   Unequipping it also resets its bonuses to +0.
   Clar:      It protects you from confusion, rage, mesmerisation and fear.
 A - a +0 plate armour (worn)
Jewellery
 g - a +4 ring of slaying (left hand)
 r - a ring of see invisible (right hand)
 w - a +5 ring of evasion
 x - a ring of flight
 y - an amulet of regeneration
Wands
 h - a wand of digging (7)
 C - a wand of flame (15)
Scrolls
 f - 3 scrolls of teleportation {unknown}
 j - a scroll of magic mapping
 k - 2 scrolls of amnesia {unknown}
 m - 3 scrolls of enchant armour {unknown}
 o - 2 scrolls of fear {unknown}
 p - a scroll of torment {unknown}
 s - a scroll of noise {unknown}
 u - 3 scrolls of immolation {unknown}
 v - a scroll of blinking
 D - a scroll of poison {unknown}
Potions
 b - 2 potions of mutation
 d - 4 potions of might
 e - 2 potions of heal wounds
 l - 2 potions of resistance {unknown}
 n - a potion of berserk rage {unknown}
 z - a potion of cancellation {unknown}


   Skills:
 + Level 5.6 Fighting
 * Level 6.6 Axes
 + Level 3.1 Throwing
 + Level 5.7 Armour
 + Level 5.7 Shields
 + Level 0.5 Evocations


You had 6 spell levels left.
You didn't know any spells.
Your spell library contained the following spells:

 Spells                   Type           Power      Damage    Failure   Level
 Apportation              Tloc           0%         N/A       100%        1
 Necrotise                Necr           0%         1d4       100%        1
 Summon Small Mammal      Summ           Unusable   N/A       N/A         1

Dungeon Overview and Level Annotations

Branches:
Dungeon (6/15)
 Temple: D:4-7

Altars:
Cheibriados
Dithmenos
Makhleb
Nemelex Xobeh
Okawaru
Qazlal
Ru
Sif Muna
Trog
Vehumet
Wu Jian
Xom

Annotations:
D:6 Dowan


Innate Abilities, Weirdness & Mutations

You have a pair of horns on your head.
You are hated by all.
You reflexively headbutt those who attack you in melee.


Message History

Duvessa barely misses you. Dowan hits you but does no damage.
You are more poisoned.
You feel very mighty all of a sudden.
You feel very sick. Duvessa barely misses you. You furiously retaliate!
You headbutt Duvessa. Dowan gestures at you while chanting.
The puff of flame hits you.
You closely miss Dowan. Your headbutt misses Dowan.
Dowan is almost dead.
You barely miss Duvessa.
You feel very sick. Duvessa hits you with a +0 rapier.
You block Dowan's attack.
You barely miss Dowan.
Dowan is almost dead.
You hit Duvessa.
You feel very sick.
Duvessa looks more healthy.
Dowan points at Duvessa and mumbles some strange words.
Duvessa seems to speed up.
Duvessa hits you with a +0 rapier.
You closely miss Dowan.
Dowan is almost dead.
You slash Duvessa!
You kill Duvessa!
Dowan seems overcome with grief.
Dowan seems to find hidden reserves of power!
You feel very sick.
Dowan hits you with a +2 dagger of venom.
* * * LOW HITPOINT WARNING * * *
You are lethally poisoned!
Dowan hits you with a +2 dagger of venom.
* * * LOW HITPOINT WARNING * * *
You are more poisoned.
You closely miss Dowan. Your headbutt misses Dowan.
Dowan is almost dead.
* * * LOW HITPOINT WARNING * * *
You feel extremely sick. Dowan hits you but does no damage.
You are more poisoned.
Dowan hits you with a +2 dagger of venom.
You die...

##### ### ##### ...#
##.####...#
..##.###.####.........##
.#.#
#(.(..)@.........##.....
##...#
#.##.#e#.#.##...###...##
..... .....#.###.##
###### #...# ###.###.#
### # #...# # ... ..# #
#...# .##.#. #.#
###†..####.##.#. #.#
...........## #. #.#
...........# #..


You could see Dowan (fast).

Vanquished Creatures
  Edmund (D:6)
  An acid dragon (D:5)
  Duvessa (D:6)
  A water moccasin (D:5)
  A scorpion (D:4)
  A howler monkey (D:5)
  A hound (D:4)
  4 orc priests
  2 sleepcaps (D:6)
  2 orc wizards (D:6)
  5 adders
  A white imp (D:5)
  An ufetubus (D:5)
  A worm (D:2)
  A dart slug (D:2)
  24 orcs
  6 ball pythons
  2 endoplasms
  6 goblins
  6 hobgoblins
  2 jackals (D:3)
  A quokka (D:3)
  5 bats
  3 frilled lizards
  2 kobolds
  2 rats
83 creatures vanquished.

Notes
Turn   | Place    | Note
-------+----------+-------------------------------------------
     0 | D:1      | seaoflcl the Minotaur Fighter began the quest for the Orb.
     0 | D:1      | Reached XP level 1. HP: 19/19 MP: 0/0
   580 | D:2      | Reached XP level 2. HP: 27/27 MP: 1/1
   628 | D:2      | Reached skill level 3 in Axes
  1209 | D:3      | Reached XP level 3. HP: 32/33 MP: 2/2
  1257 | D:3      | Found a sacrificial altar of Ru.
  1297 | D:3      | Found a faded altar of an unknown god.
  1371 | D:3      | Found the +0 toga "Victory" {*Victory Clar}
  1401 | D:3      | Found a shimmering altar of Xom.
  1466 | D:3      | Reached skill level 1 in Throwing
  1479 | D:3      | Found a stormy altar of Qazlal.
  1680 | D:3      | Became a worshipper of Ru the Awakened
  1699 | D:3      | Reached XP level 4. HP: 40/40 MP: 3/3
  1969 | D:4      | Noticed a scorpion
  1979 | D:4      | Killed a scorpion
  1980 | D:4      | Reached skill level 4 in Axes
  1980 | D:4      | Reached XP level 5. HP: 46/47 MP: 4/4
  2370 | D:5      | Entered Level 5 of the Dungeon
  2395 | D:5      | Noticed a water moccasin
  2399 | D:5      | Killed a water moccasin
  2400 | D:5      | Reached XP level 6. HP: 53/53 MP: 5/5
  2613 | D:5      | Noticed an acid dragon
  2618 | D:5      | Killed an acid dragon
  2619 | D:5      | Reached skill level 5 in Axes
  2619 | D:5      | Reached skill level 5 in Armour
  2630 | D:5      | Reached skill level 5 in Shields
  2634 | D:5      | Reached skill level 5 in Fighting
  2930 | D:5      | Gained mutation: You are hated by all. [Ru sacrifice]
  2930 | D:5      | Reached * piety under Ru
  2930 | D:5      | Reached ** piety under Ru
  3107 | D:5      | Found a shimmering blue altar of Sif Muna.
  3143 | D:5      | Found a shadowy altar of Dithmenos.
  3145 | D:5      | Found a burning altar of Makhleb.
  3149 | D:5      | Found a sparkling altar of Nemelex Xobeh.
  3149 | D:5      | Found a bloodstained altar of Trog.
  3149 | D:5      | Found a radiant altar of Vehumet.
  3150 | D:5      | Found an iron altar of Okawaru.
  3223 | D:5      | Reached XP level 7. HP: 57/61 MP: 6/6
  3497 | D:6      | Noticed Edmund
  3512 | D:6      | Killed Edmund
  3513 | D:6      | Reached skill level 6 in Axes
  3695 | D:6      | Found a snail-covered altar of Cheibriados.
  4049 | D:6      | Found an ornate altar of the Wu Jian Council.
  4196 | D:6      | Noticed Dowan
  4197 | D:6      | Noticed Duvessa
  4207 | D:6      | Killed Duvessa
  4208 | D:6      | HP: 3/61 [poisoned by Dowan]
  4208 | D:6      | Slain by Dowan

Illustrated notes

Levels and vault maps discovered:
D:1:      dpeg_arrival_tiny_d, layout_loops_ring
D:2:      layout_loops_ring
D:3:      layout_basic, hangedman_ru_absence,
          mainiacjoe_overflow_surrounded_room, mainiacjoe_overflow_tiny_flanked,
          ebering_ecumenical_altar_rust, minivault_24
D:4:      layout_basic
D:5:      layout_basic, minitemple, general_overflow_altar
D:6:      layout_loops_cross, cheibriados_altar_1,
          mainiacjoe_overflow_small_starburst, minmay_manual_mandibuliform,
          uniq_edmund, uniq_prince_ribbit1, uniq_duvessa

Skill      XL: |  1  2  3  4  5  6  7 |
---------------+----------------------+-----
Axes           | 3 4 5 6 |  6.6
Shields        | 4 5 |  5.7
Fighting       | 4 5 |  5.6
Armour         | 4 5 |  5.7
Throwing       | 1 2 3 |  3.1
Evocations     | |  0.5

Action                     |  1- 3 |  4- 6 |  7- 9 || total
---------------------------+-------+-------+-------++-------
  Melee: War axe           |    61 |    60 |    46 ||   167
         Headbutt          |     6 |     8 |     6 ||    20
  Throw: Dart              |       |       |     4 ||     4
 Invoke: Sacrifice Love    |       |     1 |       ||     1
    Use: Scroll            |       |       |     4 ||     4
         Potion            |       |       |     1 ||     1
 Armour: Scale mail        |    10 |       |       ||    10
         Chain mail        |    30 |    19 |       ||    49
         Plate armour      |       |    10 |    21 ||    31
  Dodge: Dodged            |    30 |    22 |    12 ||    64
  Block: Buckler           |     7 |    16 |     8 ||    31
